[Event "Titled Tuesday Blitz May 9 Early 2023"]
[White "Toktomushev, Teimur"]
[Black "Donchenko, Alexander"]
[WhiteFideId "14176726"]
[BlackFideId "24603295"]
[WhiteElo "2116"]
[BlackElo "2554"]
[Result "0-1"]
[Round "01"]
[TimeControl "180+2"]
[Date "2023.05.09"]
[WhiteClock "0:00:01"]
[BlackClock "0:01:09"]

1. d4 Nf6 2. c4 g6 3. Nc3 Bg7 4. e4 d6 5. f3 a6 6. Be3 O-O 7. Nge2 Nbd7 8. Qd2 c5 9. O-O-O b5 10. h4 Nb6 11. Ng3 cxd4 12. Bxd4 Nxc4 13. Bxc4 bxc4 14. h5 Rb8 15. Nd5 Nxd5 16. Bxg7 Nb4 17. Bxf8 Nd3+ 18. Kb1 Rxb2+ 19. Qxb2 Nxb2 20. Kxb2 Qb6+ 21. Ka1 Kxf8 22. hxg6 fxg6 23. Rxh7 c3 24. Rb1 Qf2 25. Rh8+ Kg7 26. Rxc8 c2 27. Rxc2 Qxc2 28. Nf1 Qxg2 29. Ne3 Qxf3 30. Rb3 Qxe4 31. Kb2 d5 32. Ra3 d4 33. Nd1 Qe2+ 34. Kc1 e5 35. Ra5 d3 36. Rd5 Qc2# 0-1


[Site "https://www.chess.com"]

[Event "Titled Tuesday Blitz May 9 Early 2023"]
[White "Hayrapetyan, Hovik"]
[Black "Dudzinski, Pawel"]
[WhiteFideId "13302639"]
[BlackFideId "1117890"]
[WhiteElo "2348"]
[BlackElo "2099"]
[Result "1-0"]
[Round "01"]
[TimeControl "180+2"]
[Date "2023.05.09"]
[WhiteClock "0:00:02"]
[BlackClock "0:00:12"]

1. d4 d5 2. c4 c6 3. Nf3 e6 4. e3 f5 5. g4 Nf6 6. gxf5 exf5 7. Nc3 Nbd7 8. cxd5 Nxd5 9. Nxd5 cxd5 10. Qb3 Nf6 11. Ne5 a6 12. Bd2 Bd6 13. Bg2 Bxe5 14. dxe5 Ne4 15. Bb4 Be6 16. O-O-O Qc7+ 17. Kb1 Qxe5 18. Rhf1 Kf7 19. f3 Nf6 20. Qa3 Qxh2 21. Bh1 Rac8 22. Bc3 Rhd8 23. Ka1 Qd6 24. Qa4 Qc6 25. Qh4 Bd7 26. Bd4 Kg8 27. Rg1 Kh8 28. a3 Rf8 29. Rd2 Be8 30. Rh2 h6 31. Qxh6+ gxh6 32. Rxh6# 1-0


[Site "https://www.chess.com"]

[Event "Titled Tuesday Blitz May 9 Early 2023"]
[White "Rios Escobar, Adan"]
[Black "Ohanyan, Emin"]
[WhiteFideId "3403645"]
[BlackFideId "13312022"]
[WhiteElo "2441"]
[BlackElo "2411"]
[Result "0-1"]
[Round "01"]
[TimeControl "180+2"]
[Date "2023.05.09"]
[WhiteClock "0:00:00"]
[BlackClock "0:00:45"]

1. d4 d5 2. g3 g6 3. Nf3 Nf6 4. Bg2 Bg7 5. c4 c6 6. cxd5 cxd5 7. Nc3 O-O 8. Ne5 Nc6 9. O-O Ne4 10. Nxc6 bxc6 11. Nxe4 dxe4 12. Bxe4 Bh3 13. Re1 Qxd4 14. Qxd4 Bxd4 15. Bxc6 Rab8 16. Bg2 Be6 17. a4 Rfc8 18. a5 Bxb2 19. Rb1 Bc3 20. Bf4 Rxb1 21. Rxb1 Bxa5 22. Be3 Bb6 23. Bxb6 axb6 24. h4 Rb8 25. Bc6 Kg7 26. Kg2 Bc4 27. Kf3 Kf6 28. e3 Ke5 29. Rb4 Bd5+ 30. Bxd5 Kxd5 31. h5 b5 32. Rb1 b4 33. h6 b3 34. Ke2 b2 35. Kd2 Ke4 36. Ke2 g5 37. f3+ Kf5 38. g4+ Kg6 39. f4 gxf4 40. exf4 Kxh6 41. Kd2 Kg6 42. Kc2 e6 43. Rxb2 Rxb2+ 44. Kxb2 h5 45. f5+ exf5 46. gxh5+ Kxh5 47. Kc2 Kg4 48. Kd2 Kf3 49. Ke1 Kg2 0-1


[Site "https://www.chess.com"]

[Event "Titled Tuesday Blitz May 9 Early 2023"]
[White "Sieciechowicz, Marcin"]
[Black "Yosha_Iglesias"]
[WhiteFideId "1130170"]
[WhiteElo "2302"]
[BlackElo "2441"]
[Result "1-0"]
[Round "01"]
[TimeControl "180+2"]
[Date "2023.05.09"]
[WhiteClock "0:02:02"]
[BlackClock "0:00:31"]

1. d4 d5 2. Bf4 c5 3. e3 Nf6 4. c3 e6 5. Nf3 Bd6 6. Bg3 O-O 7. Bd3 Qc7 8. Nbd2 Nbd7 9. O-O Bxg3 10. hxg3 e5 11. dxe5 Nxe5 12. Nxe5 Qxe5 13. Nf3 Qh5 14. c4 dxc4 15. Bxc4 Bg4 16. Be2 Rad8 17. Qc2 Rd6 18. Rfd1 Re6 19. a4 Ne4 20. a5 Rh6 21. Nh4 Bxe2 22. Re1 Nxg3 23. fxg3 Bg4 24. Qe4 g5 25. Nf3 Qh2+ 26. Nxh2 1-0


[Site "https://www.chess.com"]

[Event "Titled Tuesday Blitz May 9 Early 2023"]
[White "Mackster23"]
[Black "Mekhitarian, Krikor Sevag"]
[BlackFideId "2107660"]
[WhiteElo "2440"]
[BlackElo "2604"]
[Result "0-1"]
[Round "01"]
[TimeControl "180+2"]
[Date "2023.05.09"]
[WhiteClock "0:00:54"]
[BlackClock "0:01:36"]

1. e4 e6 2. d4 d5 3. Nc3 Nf6 4. Bg5 dxe4 5. Nxe4 Be7 6. Bxf6 gxf6 7. Qd3 f5 8. Nc3 a6 9. O-O-O b5 10. Nf3 Bb7 11. Ne5 Nd7 12. Qg3 Bh4 13. Qg7 Qg5+ 14. Qxg5 Bxg5+ 15. Kb1 Nxe5 16. dxe5 Bf4 17. Re1 O-O-O 18. a4 b4 19. Na2 a5 20. Nc1 Rhg8 21. Nd3 Bd2 22. Re2 Bh6 23. Rg1 b3 24. Nc5 Rd1# 0-1


[Site "https://www.chess.com"]

[Event "Titled Tuesday Blitz May 9 Early 2023"]
[White "Remizov, Yaroslav"]
[Black "Ramirez Vido, Robert Yorisan"]
[WhiteFideId "34134015"]
[BlackFideId "3513823"]
[WhiteElo "2400"]
[BlackElo "2440"]
[Result "1/2-1/2"]
[Round "01"]
[TimeControl "180+2"]
[Date "2023.05.09"]
[WhiteClock "0:01:16"]
[BlackClock "0:00:26"]

1. e4 d6 2. d4 Nf6 3. Nc3 g6 4. g3 Bg7 5. Bg2 O-O 6. Nge2 e5 7. O-O Nc6 8. h3 Bd7 9. Be3 exd4 10. Nxd4 Re8 11. Re1 a6 12. Kh2 Rb8 13. a4 Ne5 14. Qe2 c5 15. Nf3 b5 16. axb5 axb5 17. Nxe5 Rxe5 18. f4 Rh5 19. Bd2 b4 20. Nd1 Bg4 21. Qf1 Bxd1 22. Raxd1 Ng4+ 23. Kh1 Bd4 24. c3 Nf2+ 25. Kh2 Ng4+ 26. Kh1 Nf2+ 27. Kh2 Ng4+ 28. Kh1 1/2-1/2


[Site "https://www.chess.com"]

[Event "Titled Tuesday Blitz May 9 Early 2023"]
[White "Koutsin"]
[Black "Kravtsiv, Martyn"]
[BlackFideId "14113147"]
[WhiteElo "2439"]
[BlackElo "2695"]
[Result "0-1"]
[Round "01"]
[TimeControl "180+2"]
[Date "2023.05.09"]
[WhiteClock "0:00:00"]
[BlackClock "0:00:36"]

1. d4 d5 2. c4 e6 3. Nc3 Bb4 4. Nf3 Nf6 5. cxd5 exd5 6. Qa4+ Nc6 7. Bg5 h6 8. Bxf6 Qxf6 9. e3 O-O 10. Be2 Be6 11. O-O a6 12. Qc2 Rfe8 13. Rac1 Bd6 14. a3 Ne7 15. Na4 Ng6 16. Nc5 Bc8 17. Qb3 b6 18. Nd3 Be6 19. Qc2 a5 20. Rfe1 Bf5 21. Qc6 Be4 22. Qb5 Re6 23. Qb3 Rae8 24. Qd1 Qf5 25. Rc3 Rf6 26. Rf1 Kh8 27. Rc1 Bxf3 28. Bxf3 Nh4 29. Ne1 Rg6 30. Kh1 Qg5 31. g3 Nxf3 32. Nxf3 Qe7 33. Qd3 Rf6 34. Nd2 Qd7 35. Kg2 h5 36. h3 g6 37. Rce1 Rfe6 38. Nf3 Kg7 39. Re2 Qd8 40. Rfe1 Re4 41. Nd2 R4e6 42. Nf3 Be7 43. Ne5 Bf6 44. f4 c5 45. b3 Bxe5 46. fxe5 f6 47. exf6+ Rxf6 0-1


[Site "https://www.chess.com"]

[Event "Titled Tuesday Blitz May 9 Early 2023"]
[White "Seo, Jung Min"]
[Black "Arencibia Monduy, Antonio"]
[WhiteFideId "1734687"]
[BlackFideId "3507939"]
[WhiteElo "2468"]
[BlackElo "2439"]
[Result "1-0"]
[Round "01"]
[TimeControl "180+2"]
[Date "2023.05.09"]
[WhiteClock "0:01:30"]
[BlackClock "0:00:00"]

1. e4 e6 2. d4 d5 3. Nc3 dxe4 4. Nxe4 Nd7 5. Nf3 Ngf6 6. Nxf6+ Nxf6 7. g3 b6 8. Bb5+ Bd7 9. a4 Bd6 10. O-O O-O 11. Be2 Bc6 12. Ne5 Bb7 13. Bg5 Be7 14. c3 h6 15. Be3 c5 16. dxc5 bxc5 17. Qxd8 Rfxd8 18. a5 Bd5 19. a6 Rab8 20. b4 cxb4 21. cxb4 Bxb4 22. Bxa7 Ra8 23. Bd4 Be4 24. Nf3 Rd6 25. Be5 Rd5 26. Bf4 g5 27. Be3 Ng4 28. Bb6 Rd6 29. Ba5 Bxa5 30. Rxa5 Rc6 31. Nd4 Rc4 32. Bxc4 Ne5 33. Rxe5 1-0


[Site "https://www.chess.com"]

[Event "Titled Tuesday Blitz May 9 Early 2023"]
[White "Aakanksha Hagawane"]
[Black "Perez Ponsa, Federico"]
[WhiteFideId "25014510"]
[BlackFideId "117927"]
[WhiteElo "2081"]
[BlackElo "2590"]
[Result "0-1"]
[Round "01"]
[TimeControl "180+2"]
[Date "2023.05.09"]
[WhiteClock "0:00:11"]
[BlackClock "0:00:15"]

1. e4 c5 2. Nf3 d6 3. Bb5+ Nd7 4. O-O a6 5. Bd3 Ngf6 6. c3 b5 7. Bc2 Bb7 8. Re1 c4 9. b3 e6 10. bxc4 bxc4 11. Na3 Qc7 12. Rb1 d5 13. exd5 Bxd5 14. d3 cxd3 15. Qxd3 Nc5 16. Qe2 Be7 17. c4 Bb7 18. Bb2 O-O 19. Ne5 Rad8 20. Rbd1 Rxd1 21. Rxd1 Rd8 22. Nb1 Rxd1+ 23. Bxd1 Nfe4 24. f3 Bd6 25. Ng4 h5 26. fxe4 hxg4 27. e5 Be7 28. Bd4 Qd8 29. Qxg4 Ne4 30. Be3 Qd3 31. Bh6 Bc5+ 32. Kh1 Nf2+ 0-1


[Site "https://www.chess.com"]

[Event "Titled Tuesday Blitz May 9 Early 2023"]
[White "Bazeev, German"]
[Black "Spaqi, Wilson"]
[WhiteFideId "24119350"]
[BlackFideId "2053888"]
[WhiteElo "2466"]
[BlackElo "2439"]
[Result "1-0"]
[Round "01"]
[TimeControl "180+2"]
[Date "2023.05.09"]
[WhiteClock "0:01:02"]
[BlackClock "0:01:15"]

1. c4 c6 2. d4 d5 3. Nf3 Nf6 4. Nc3 Bf5 5. Qb3 Qb6 6. c5 Qc7 7. g3 Nbd7 8. Bf4 Qc8 9. Rc1 e6 10. Bg2 Be7 11. O-O h6 12. Qd1 Ne4 13. Na4 O-O 14. h4 Re8 15. a3 Bd8 16. Nd2 Nxd2 17. Qxd2 Bc7 18. Rfe1 e5 19. Be3 exd4 20. Bxd4 Be5 21. e3 Bxd4 22. exd4 Nf6 23. Nc3 Qd7 24. Rxe8+ Rxe8 25. Re1 Rxe1+ 26. Qxe1 Qe6 27. Qxe6 Bxe6 28. f3 g5 29. hxg5 hxg5 30. g4 Nh7 31. Kf2 f5 32. gxf5 Bxf5 33. b4 a6 34. a4 Kf7 35. b5 axb5 36. axb5 Nf6 37. b6 Nh5 38. Ke3 Ke7 39. Bf1 Kd7 40. Nd1 g4 41. fxg4 Bxg4 42. Nf2 Bf5 43. Be2 Nf6 44. Kf4 Bc2 45. Bf3 Ke6 46. Bg2 Nh5+ 47. Kg5 Nf6 48. Bh3+ Ke7 49. Bc8 Ne4+ 50. Nxe4 dxe4 51. Kf4 Kd8 52. Bxb7 Kd7 53. Ba6 Kd8 54. Bf1 Kd7 55. Bh3+ Kd8 56. Bg2 Bd3 57. Bxe4 Bb5 58. Ke5 Kd7 59. Bf5+ Kd8 60. Kd6 1-0


[Site "https://www.chess.com"]

[Event "Titled Tuesday Blitz May 9 Early 2023"]
[White "Molina, Roberto Junio Brito"]
[Black "Manukian, Artak"]
[WhiteFideId "2109450"]
[BlackFideId "13301373"]
[WhiteElo "2376"]
[BlackElo "2130"]
[Result "1-0"]
[Round "01"]
[TimeControl "180+2"]
[Date "2023.05.09"]
[WhiteClock "0:00:24"]
[BlackClock "0:00:24"]

1. d4 d5 2. c4 dxc4 3. Nf3 Nf6 4. e3 e6 5. Bxc4 c5 6. dxc5 Bxc5 7. Qxd8+ Kxd8 8. a3 Ke7 9. b4 Bb6 10. Bb2 Bd7 11. Nc3 Rc8 12. Bb3 Nc6 13. Na4 Bc7 14. Nc5 b6 15. Nxd7 Kxd7 16. O-O-O+ Ke7 17. Kb1 Ne4 18. Rc1 Bd6 19. Rc2 Nd8 20. Rhc1 Rxc2 21. Rxc2 f6 22. g3 Nf7 23. Nd4 Nd8 24. f3 Ng5 25. h4 Ngf7 26. f4 g6 27. h5 e5 28. Nb5 Ne6 29. hxg6 hxg6 30. Rh2 a6 31. Nxd6 Kxd6 32. Bc2 Nf8 33. Bd3 b5 34. Rd2 Ke7 35. Be4 Rd8 36. Rc2 Nd6 37. Bd3 e4 38. Bf1 f5 39. Bd4 Ne6 40. Bb6 Rc8 41. Kb2 Rxc2+ 42. Kxc2 Kd7 43. Kc3 Kc6 44. Bd4 Nc7 45. Be2 Nd5+ 46. Kb3 Nb6 47. Bxb6 Kxb6 48. Kc3 Kc6 49. Kd4 Nf7 50. g4 Kd6 51. gxf5 gxf5 52. Bh5 Nd8 53. Bg6 Ne6+ 54. Kc3 Ng7 55. Kb3 Kd5 56. Bf7+ Kc6 57. Bg6 Kd5 58. Kc3 Ke6 59. Kd4 Kd6 60. Bf7 Ke7 61. Bd5 Kd6 62. Bb7 Ne6+ 63. Kc3 Nc7 64. Bc8 Nd5+ 65. Kd4 Ne7 66. Bxa6 Kc6 67. Ke5 Kb6 68. Ke6 Nc6 69. Bc8 Nd8+ 70. Kxf5 Nc6 71. Bd7 Nb8 72. Be8 Na6 73. Kxe4 Nc7 74. Bd7 Na6 75. Ke5 Kc7 76. Bxb5 Nb8 77. Kd4 Kb6 78. Kc4 Kc7 79. a4 Nd7 80. Bxd7 Kxd7 81. e4 Kd6 82. b5 Kc7 83. Kb4 Kb6 84. a5+ Kb7 85. Kc5 Ka8 86. e5 Kb7 87. f5 Kc7 88. f6 Kd7 89. Kd5 Ke8 90. e6 Kf8 91. Kd6 Kg8 92. Kc7 Kh7 93. Kd7 Kg6 94. f7 Kf6 95. f8=Q+ Ke5 96. Qd6+ Kf6 97. e7+ Kf7 98. Kc6 Ke8 99. Kc7 Kf7 100. Kd8 Kg7 101. Qd7 Kf6 102. e8=Q Kg5 103. Qe5+ 1-0


[Site "https://www.chess.com"]

[Event "Titled Tuesday Blitz May 9 Early 2023"]
[White "Rodshtein, Maxim"]
[Black "Pinto, Daniel"]
[WhiteFideId "2806851"]
[BlackFideId "3303144"]
[WhiteElo "2555"]
[BlackElo "2145"]
[Result "1-0"]
[Round "01"]
[TimeControl "180+2"]
[Date "2023.05.09"]
[WhiteClock "0:01:12"]
[BlackClock "0:00:09"]

1. e4 e5 2. Nf3 Nc6 3. Bb5 Nf6 4. d3 Be7 5. O-O d6 6. c4 O-O 7. h3 Kh8 8. Nc3 Ng8 9. Bxc6 bxc6 10. d4 exd4 11. Nxd4 Qe8 12. Be3 Bf6 13. Qc2 Ne7 14. Rae1 c5 15. Nde2 Be6 16. b3 g6 17. f4 Qc8 18. Ng3 Bh4 19. Bf2 Nc6 20. Qd2 Bf6 21. f5 Bd7 22. Nd5 Be5 23. Qh6 gxf5 24. Nxf5 Bxf5 25. exf5 f6 26. Qh5 Qd7 27. Re4 Rg8 28. Rh4 Rg5 29. Qh6 Rxf5 30. g4 Rg5 31. Nxf6 Qg7 32. Qxh7+ Qxh7 33. Rxh7# 1-0


[Site "https://www.chess.com"]

[Event "Titled Tuesday Blitz May 9 Early 2023"]
[White "Urbina Perez, Juan Antonio"]
[Black "Visakh N R"]
[WhiteFideId "2217368"]
[BlackFideId "25012223"]
[WhiteElo "2197"]
[BlackElo "2466"]
[Result "0-1"]
[Round "01"]
[TimeControl "180+2"]
[Date "2023.05.09"]
[WhiteClock "0:00:09"]
[BlackClock "0:00:29"]

1. c4 e6 2. d4 f5 3. Nc3 Nf6 4. Bg5 Be7 5. e3 O-O 6. Bd3 c5 7. Nge2 b6 8. Qc2 Bb7 9. O-O Nh5 10. Bxe7 Qxe7 11. e4 Nc6 12. exf5 cxd4 13. Nb5 e5 14. Nc7 Nb4 15. Qd1 Rac8 16. Nd5 Nxd5 17. cxd5 e4 18. Bb5 d3 19. Ng3 Nxg3 20. hxg3 Bxd5 21. g4 Kh8 22. Qa4 a5 23. Rac1 Ba8 24. Bxd7 Rxc1 25. Rxc1 e3 26. fxe3 Qxe3+ 27. Kh2 Qxc1 28. Qa3 Qc7+ 29. Kg1 Qc5+ 0-1


[Site "https://www.chess.com"]

[Event "Titled Tuesday Blitz May 9 Early 2023"]
[White "Garagulya, Konstantin"]
[Black "Moroni, Luca Jr"]
[WhiteFideId "4128931"]
[BlackFideId "865834"]
[WhiteElo "2329"]
[BlackElo "2569"]
[Result "0-1"]
[Round "01"]
[TimeControl "180+2"]
[Date "2023.05.09"]
[WhiteClock "0:00:01"]
[BlackClock "0:00:09"]

1. d4 g6 2. e4 Bg7 3. Nf3 d6 4. Bc4 e6 5. c3 a6 6. a4 b6 7. Bg5 Ne7 8. h3 Bb7 9. Nbd2 Nd7 10. Qe2 h6 11. Bh4 g5 12. Bg3 d5 13. Bd3 c5 14. exd5 Nxd5 15. Ne4 O-O 16. dxc5 Nxc5 17. Nxc5 bxc5 18. O-O Qe7 19. Rad1 Rfd8 20. Rfe1 a5 21. Bb5 h5 22. Ne5 h4 23. Bh2 Qf6 24. Bc6 Bxc6 25. Nxc6 Re8 26. Qc4 Rac8 27. Nxa5 Qd8 28. Nb3 Qb6 29. a5 Qa7 30. Ra1 Rc6 31. Ra3 Ra8 32. Qg4 Bf6 33. Nd2 Be7 34. Ne4 f5 35. Qh5 fxe4 36. Qg6+ Kf8 37. Be5 Bd6 38. Rxe4 Bxe5 39. Rxe5 Qg7 40. Qe4 Qf6 41. Ra2 Rd6 42. f3 Raa6 43. Kh2 Qf4+ 44. Qxf4+ gxf4 45. Rh5 Ne3 46. Rxh4 e5 47. b4 cxb4 48. cxb4 Rd1 49. Rh7 Nf1+ 50. Kg1 Ng3+ 51. Kf2 Rh6 52. Rxh6 Rf1# 0-1


[Site "https://www.chess.com"]

[Event "Titled Tuesday Blitz May 9 Early 2023"]
[White "Papadiamandis, Elliot"]
[Black "feuervogel1000000"]
[WhiteFideId "36074160"]
[WhiteElo "2219"]
[BlackElo "2434"]
[Result "1-0"]
[Round "01"]
[TimeControl "180+2"]
[Date "2023.05.09"]
[WhiteClock "0:00:19"]
[BlackClock "0:00:07"]

1. e4 e5 2. Nf3 Nc6 3. Bc4 Nf6 4. d3 Bc5 5. c3 d6 6. Nbd2 a5 7. Bb3 O-O 8. h3 h6 9. Nf1 Be6 10. Ng3 d5 11. Qe2 dxe4 12. dxe4 Qd7 13. Ba4 Qd6 14. O-O Rad8 15. Rd1 Qe7 16. Bxc6 bxc6 17. Rxd8 Rxd8 18. Nxe5 Qd6 19. Bf4 g5 20. Nxf7 Qxf4 21. Nxd8 Bxh3 22. Qf3 Bd7 23. Rd1 Bg4 24. Qxf4 gxf4 25. Rd3 fxg3 26. Rxg3 Bd6 27. Rd3 Nxe4 28. Nxc6 Bd7 29. Ne5 Be6 30. Nf3 Kg7 31. b3 Bf5 32. Nd4 Bd7 33. Re3 Nf6 34. Rf3 Kg6 35. g3 h5 36. Rd3 Ng4 37. c4 Bc8 38. Nb5 Bc5 39. Nxc7 Nxf2 40. Rd5 Ne4+ 41. Kh2 Bd6 42. Nb5 Bxg3+ 43. Kg2 Bb7 44. Rd8 h4 45. Kf1 h3 46. Rh8 h2 47. Nd4 Nd2+ 48. Ke2 h1=Q 49. Rxh1 Bxh1 50. Kxd2 Kf6 51. Nb5 Bc6 52. Nd4 Be8 53. Kd3 Bd6 54. Ke4 Bd7 55. Kd5 Bc7 56. c5 Be8 57. c6 Bb6 58. Nb5 Ke7 59. Nd6 Bf7+ 60. Nxf7 Kxf7 61. Kd6 Kf6 62. c7 Bxc7+ 63. Kxc7 Ke5 64. Kb6 Kd4 65. Kxa5 Kc3 66. b4 Kb2 67. b5 Kxa2 68. b6 1-0


[Site "https://www.chess.com"]

[Event "Titled Tuesday Blitz May 9 Early 2023"]
[White "sebastianmarinp"]
[Black "Beerdsen, Thomas"]
[BlackFideId "1030108"]
[WhiteElo "2438"]
[BlackElo "2549"]
[Result "0-1"]
[Round "01"]
[TimeControl "180+2"]
[Date "2023.05.09"]
[WhiteClock "0:00:00"]
[BlackClock "0:02:09"]

1. e4 c5 2. Nf3 Nc6 3. d4 cxd4 4. Nxd4 Nf6 5. Nc3 h5 6. Bg5 Qa5 7. Bxf6 gxf6 8. Nb3 Qe5 9. g3 e6 10. f4 Qd6 11. Qf3 a6 12. Bd3 b5 13. O-O-O Qc7 14. Kb1 Bb7 15. Rhe1 Bb4 16. Bf1 Ne7 17. Re3 Rc8 18. a3 Bxc3 19. Rxc3 Qb8 20. Nc5 d5 21. Nxb7 Qxb7 22. Rxc8+ Qxc8 23. exd5 Nxd5 24. f5 Qc6 25. fxe6 fxe6 26. Bh3 Kf7 27. Re1 f5 28. Bg2 Qc4 29. Qe2 Qxe2 30. Rxe2 Nf6 31. Rd2 h4 32. gxh4 Rxh4 33. Rd6 Rxh2 34. Bb7 a5 35. Rb6 f4 36. Rxb5 Rh3 37. Rb3 Rh1+ 38. Ka2 Rc1 39. Rf3 e5 40. c3 Kg6 41. Kb3 Kg5 42. Ka4 e4 43. Rf2 e3 44. Rg2+ Kf5 45. Bf3 Rf1 0-1


[Site "https://www.chess.com"]

[Event "Titled Tuesday Blitz May 9 Early 2023"]
[White "Gutkin, Ilya"]
[Black "Morefield, Jason"]
[WhiteFideId "16203470"]
[BlackFideId "30920825"]
[WhiteElo "2265"]
[BlackElo "2171"]
[Result "1/2-1/2"]
[Round "01"]
[TimeControl "180+2"]
[Date "2023.05.09"]
[WhiteClock "0:00:14"]
[BlackClock "0:00:12"]

1. Nf3 Nf6 2. g3 d5 3. Bg2 c6 4. c4 Bf5 5. Qb3 Qb6 6. d3 e6 7. Be3 Qxb3 8. axb3 a6 9. Nc3 Nbd7 10. cxd5 exd5 11. Nd4 Bg6 12. Nc2 Bd6 13. b4 Rc8 14. h3 O-O 15. Kd2 Rfe8 16. Rhg1 h6 17. f4 h5 18. Raf1 Bf5 19. Nd4 Bh7 20. Nc2 Re7 21. Bh1 Rce8 22. Bd4 b6 23. Bf3 c5 24. bxc5 bxc5 25. Bxf6 Nxf6 26. Rg2 h4 27. Nxd5 Nxd5 28. Bxd5 hxg3 29. e4 Rb8 30. b3 Kf8 31. Rxg3 Bc7 32. Bc4 Rd8 33. Kc3 a5 34. Rg4 Bg8 35. Ne3 Red7 36. Rd1 g6 37. e5 Rd4 38. Rf1 Ra8 39. Nc2 Rdd8 40. d4 cxd4+ 41. Nxd4 a4 42. Nb5 Bb6 43. Ra1 axb3 44. Rxa8 Rxa8 45. Kxb3 Ra1 46. Nd6 Bc5 47. Ne4 Be7 48. h4 Ra3+ 49. Kc2 Rh3 50. Ng5 Rh2+ 51. Kd3 f6 52. exf6 Bxc4+ 53. Kxc4 Bxf6 54. Ne4 Kf7 55. Ng5+ Kg7 56. Kd5 Re2 57. Ne4 Kf7 58. Ng5+ Kg7 59. h5 Rd2+ 60. Ke6 Re2+ 61. Kd5 gxh5 62. Rg1 Kh6 63. Nf7+ Kh7 64. Ng5+ Kg6 65. Ne4+ Kf5 66. Nxf6 Kxf6 67. Rg5 h4 68. Rh5 Rh2 69. Ke4 Kg6 70. Rg5+ Kf6 71. Rh5 h3 72. Kf3 Kg6 73. Rh8 Kg7 74. Rh4 Kg6 75. Kg3 Ra2 76. Rxh3 Ra3+ 77. Kg4 Rxh3 78. Kxh3 Kf5 79. Kg3 Kf6 80. Kg4 Kg6 81. f5+ Kf6 82. Kf4 Kf7 83. Kg5 Kg7 84. f6+ Kf7 85. Kf5 Kf8 86. Kg6 Kg8 87. f7+ Kf8 88. Kf6 1/2-1/2


[Site "https://www.chess.com"]

[Event "Titled Tuesday Blitz May 9 Early 2023"]
[White "Fernandez Garcia, Gumersindo"]
[Black "Peng, Li Min"]
[WhiteFideId "24516740"]
[BlackFideId "14112620"]
[WhiteElo "2093"]
[BlackElo "2436"]
[Result "0-1"]
[Round "01"]
[TimeControl "180+2"]
[Date "2023.05.09"]
[WhiteClock "0:00:05"]
[BlackClock "0:00:21"]

1. d4 Nf6 2. c4 e6 3. Nf3 d5 4. g3 Be7 5. Bg2 O-O 6. Qc2 Nbd7 7. Nbd2 a5 8. O-O c5 9. cxd5 Nxd5 10. a3 b5 11. e4 N5b6 12. Rd1 c4 13. e5 Bb7 14. Ne4 h6 15. Nc5 Bd5 16. Ne4 b4 17. Bf4 Qc8 18. Nd6 Bxd6 19. exd6 Qc6 20. Ne1 Bxg2 21. Nxg2 Nd5 22. Rac1 Rfc8 23. Qe4 N7f6 24. Qf3 c3 25. Be5 bxa3 26. bxc3 Nxc3 27. Qxc6 Rxc6 28. Kf1 Nxd1 29. Rxc6 a2 30. d5 Nxd5 31. d7 N1c3 32. Bxc3 Nxc3 33. Rc8+ Kh7 34. d8=Q a1=Q+ 35. Ne1 Rxc8 36. Qxc8 Nd5 37. Qb7 Qf6 38. Kg2 Qe7 39. Qa6 Qb4 40. Nf3 a4 41. Qa7 f6 42. h4 h5 43. Qf7 Qg4 44. Nh2 Nf4+ 45. Kh1 Qd1+ 0-1


[Site "https://www.chess.com"]

[Event "Titled Tuesday Blitz May 9 Early 2023"]
[White "Kaasen, Tor Fredrik"]
[Black "Koridze, Lile"]
[WhiteFideId "1516647"]
[BlackFideId "13612514"]
[WhiteElo "2349"]
[BlackElo "2047"]
[Result "1-0"]
[Round "01"]
[TimeControl "180+2"]
[Date "2023.05.09"]
[WhiteClock "0:00:19"]
[BlackClock "0:00:00"]

1. e4 c5 2. Nf3 d6 3. d4 cxd4 4. Nxd4 Nf6 5. Nc3 a6 6. Bd3 e5 7. Nde2 Be7 8. O-O Be6 9. f4 exf4 10. Nxf4 Nc6 11. Be3 O-O 12. Kh1 Rc8 13. Qe1 Ne5 14. Nxe6 fxe6 15. Qg3 Kh8 16. Qh3 Qd7 17. a4 Nfg4 18. Bg1 Bg5 19. Be2 Nf6 20. Rad1 Ng6 21. Qg3 Bf4 22. Rxf4 Nxf4 23. Qxf4 e5 24. Qd2 Rcd8 25. Bf3 Qc6 26. b3 b5 27. axb5 axb5 28. Na2 Nxe4 29. Qe1 Qxc2 30. Nb4 Qxb3 31. Bxe4 Rf4 32. Nc6 Rdf8 33. Rb1 Qc4 34. Bf3 e4 35. Na5 Qa4 36. Bd1 Qa2 37. Be2 b4 38. Nc4 b3 39. Nxd6 b2 40. Bc4 Qa3 41. Nf7+ R8xf7 42. Bxf7 Rxf7 43. Qxe4 g6 44. Qe8+ Kg7 45. Qe5+ Kg8 46. Qxb2 1-0


[Site "https://www.chess.com"]

[Event "Titled Tuesday Blitz May 9 Early 2023"]
[White "Garakov, Mikhael"]
[Black "Fernandez Guillen, Ernesto J."]
[WhiteFideId "4169034"]
[BlackFideId "3512428"]
[WhiteElo "2347"]
[BlackElo "2429"]
[Result "0-1"]
[Round "01"]
[TimeControl "180+2"]
[Date "2023.05.09"]
[WhiteClock "0:00:01"]
[BlackClock "0:00:28"]

1. e4 e5 2. Nf3 Nc6 3. Bb5 f5 4. Nc3 Nf6 5. Qe2 Qe7 6. O-O Nd4 7. Nxd4 exd4 8. Nd5 Nxd5 9. exd5 Qxe2 10. Bxe2 c6 11. Bc4 b5 12. Bb3 c5 13. Re1+ Kd8 14. d3 Bb7 15. a4 a6 16. Bf4 Be7 17. d6 Bf6 18. Bd2 Kc8 19. Ba5 Bd8 20. Bxd8 Kxd8 21. Re7 g6 22. Rae1 Bc6 23. a5 Rb8 24. h4 Kc8 25. Rg7 Kb7 26. Ree7 Rbf8 27. f4 Kc8 28. Kf2 Rf6 29. Rxh7 Rxh7 30. Rxh7 Rxd6 31. Bf7 Bd5 32. Bxd5 Rxd5 33. Rg7 Rd6 34. Rg8+ Kc7 35. g4 fxg4 36. Kg3 c4 37. Kxg4 b4 38. b3 cxb3 39. cxb3 Rc6 40. Kg5 Rc3 41. Rxg6 Rxd3 42. f5 Rf3 43. Kg4 Rf1 44. f6 d3 45. Rg5 d2 46. Rd5 d1=Q+ 47. Rxd1 Rxd1 48. h5 Kd6 49. Kg5 Ke6 0-1


[Site "https://www.chess.com"]

[Event "Titled Tuesday Blitz May 9 Early 2023"]
[White "Bilych, Olexiy"]
[Black "Mouhamad, Joachim"]
[WhiteFideId "14156504"]
[BlackFideId "656410"]
[WhiteElo "2320"]
[BlackElo "2125"]
[Result "1-0"]
[Round "01"]
[TimeControl "180+2"]
[Date "2023.05.09"]
[WhiteClock "0:00:48"]
[BlackClock "0:00:00"]

1. d4 d5 2. c4 e6 3. Nf3 a6 4. Nc3 dxc4 5. a4 Nc6 6. e4 Na5 7. Be3 Nf6 8. Ne5 Be7 9. Nxc4 Nxc4 10. Bxc4 O-O 11. O-O b6 12. Qc2 Bb7 13. Rad1 Ng4 14. Bf4 Bg5 15. Bg3 Bh4 16. Qe2 Bxg3 17. hxg3 Nf6 18. g4 Qe7 19. g5 Nd7 20. f4 c5 21. d5 exd5 22. Nxd5 Bxd5 23. Rxd5 Rfe8 24. e5 Nf8 25. Rd6 Qxd6 26. exd6 Rxe2 27. Bxe2 Rd8 28. Rd1 Ne6 29. Bxa6 Nd4 30. b4 Rxd6 31. bxc5 bxc5 32. Rb1 g6 33. Bc4 Rd7 34. a5 Ra7 35. a6 Kf8 36. Rb6 Ke7 37. Kf2 Kd7 38. Rf6 Kd8 39. Bxf7 Nf5 40. Bc4 Ne7 41. Rf7 Kd7 42. Rxh7 Kd6 43. f5 Nc6 44. Rxa7 Nxa7 45. fxg6 Ke7 46. g7 1-0


[Site "https://www.chess.com"]

[Event "Titled Tuesday Blitz May 9 Early 2023"]
[White "Kielinkei"]
[Black "Csonka, Balazs"]
[BlackFideId "742910"]
[WhiteElo "2430"]
[BlackElo "2404"]
[Result "0-1"]
[Round "01"]
[TimeControl "180+2"]
[Date "2023.05.09"]
[WhiteClock "0:00:00"]
[BlackClock "0:00:13"]

1. e4 d6 2. d4 Nf6 3. Nc3 c6 4. Be3 Ng4 5. Bc1 Nf6 6. Be3 Qb6 7. Rb1 Ng4 8. Bg5 h6 9. Bh4 g5 10. Bg3 Bg7 11. Nf3 O-O 12. Be2 e5 13. d5 f5 14. exf5 Bxf5 15. O-O e4 16. Ne1 Ne5 17. dxc6 Nbxc6 18. Qxd6 Rad8 19. Qa3 Nd4 20. Bd1 Nc4 21. Qa4 Nd2 22. h3 Nxb1 23. Nxb1 Qxb2 24. Nd2 Qb5 25. Qa3 Ne2+ 26. Bxe2 Qxe2 27. Nc4 Qxc4 28. Qxa7 Qf7 29. Qe3 Bd4 30. Qe2 Be6 0-1


[Site "https://www.chess.com"]